Map: Miner Evacuation

Players

Thirno

  • Race: Protoss Protoss
  • Spawn Location: 7:00

NamroodTuo

  • Race: Terran Terran

VOD

Have the link to the VOD?

Description

Time

  • Played on: June 5, 2023, 9:10 a.m.
  • Length: 27:19
Show
View Real Time Build Order
Export as new Build Order

Thirno Protoss 

Build Orders:  

Get SALT Encoding   

  12  0:04  Probe (Chrono Boost)  
  13  0:18  Probe (Chrono Boost)  
  14  0:33  Pylon  
  14  0:42  Pylon  
  14  0:44  Probe (Chrono Boost)  
  15  1:07  Probe (Chrono Boost)  
  16  1:19  Gateway  
  16  1:31  Forge  
  16  1:36  Assimilator  
  16  1:39  Assimilator  
  16  1:41  Probe (Chrono Boost)  
  17  1:55  Probe (Chrono Boost)  
  18  2:08  Probe (Chrono Boost)  
  19  2:22  Probe (Chrono Boost)  
  20  2:36  Probe (Chrono Boost)  
  21  2:42  Cybernetics Core  
  21  2:50  Probe (Chrono Boost)  
  22  3:00  Zealot  
  22  3:01  Zealot  
  22  3:04  Probe (Chrono Boost)  
  27  3:18  Probe (Chrono Boost)  
  28  3:36  Probe (Chrono Boost)  
  29  3:50  Probe (Chrono Boost)  
  29  3:53  Twilight Council  
  29  3:56  Gateway  
  30  4:14  Pylon  
  30  4:15  Probe (Chrono Boost)  
  31  4:39  Probe (Chrono Boost)  
  32  4:40  Zealot x2  
  32  4:42  Zealot  
  32  4:46  Pylon  
  32  4:48  Pylon  
  38  4:52  Protoss Ground Weapons Level 1  
  38  4:57  Whirlwind  
  38  4:59  Probe (Chrono Boost)  
  39  5:26  Dragoon  
  39  5:28  Zealot  
  43  5:51  Robotics Facility  
  43  6:13  Zealot  
  43  6:14  Zealot  
  43  6:15  Zealot  
  49  6:20  Zealot  
  33  6:42  Zealot  
  33  6:43  Zealot  
  35  6:58  Immortal  
  39  7:07  Zealot x2  
  43  7:23  Probe (Chrono Boost)  
  45  7:40  Probe (Chrono Boost)  
  45  7:42  Zealot  
  47  7:51  Immortal  
  47  7:57  Probe (Chrono Boost)  
  50  8:14  Probe (Chrono Boost)  
  50  8:30  Probe (Chrono Boost)  
  50  8:33  Zealot  
  50  8:34  Zealot  
  54  8:51  Nexus  
  54  9:01  Pylon  
  54  9:04  Pylon  
  54  9:05  Protoss Ground Weapons Level 2  
  54  9:52  Forge  
  54  9:58  Charge  
  54  10:03  Robotics Bay  
  54  10:15  Pylon  
  54  10:17  Zealot  
  56  10:29  Probe (Chrono Boost)  
  57  10:46  Probe (Chrono Boost)  
  57  10:47  Photon Cannon  
  58  10:59  Probe (Chrono Boost)  
  59  11:02  Probe (Chrono Boost)  
  59  11:09  Photon Cannon  
  60  11:13  Probe (Chrono Boost)  
  60  11:19  Probe (Chrono Boost)  
  62  11:25  Reaver  
  62  11:26  Probe (Chrono Boost)  
  69  11:32  Improved Barrier  
  69  11:36  Probe (Chrono Boost)  
  69  11:39  Dragoon, Zealot  
  74  11:55  Probe (Chrono Boost), Photon Cannon  
  75  12:09  Probe (Chrono Boost), Assimilator  
  75  12:11  Assimilator  
  76  12:23  Probe (Chrono Boost)  
  77  12:41  Pylon  
  77  12:44  Pylon x2  
  77  12:45  Pylon  
  77  13:06  Protoss Ground Armor Level 1  
  77  13:19  Zealot  
  79  13:20  Zealot x2  
  79  13:21  Zealot x3  
  79  13:25  Immortal x2  
  97  13:34  Protoss Shields Level 1  
  97  14:21  Probe (Chrono Boost)  
  98  14:35  Probe (Chrono Boost)  
  99  14:43  Pylon  
  99  14:53  Zealot x6  
  111  15:18  Probe (Chrono Boost)  
  112  15:31  Probe (Chrono Boost)  
  112  15:38  Observer  
  114  15:41  Observer  
  114  15:45  Probe (Chrono Boost)  
  116  15:53  Zealot x2  
  116  15:54  Dragoon  
  116  15:55  Dragoon  
  116  15:59  Probe (Chrono Boost)  
  119  16:13  Probe (Chrono Boost)  
  106  17:13  Zealot  
  106  17:14  Zealot x4  
  106  17:19  Reaver  
  116  17:30  Observer  
  117  18:03  Dragoon x2  
  121  18:22  Protoss Ground Weapons Level 3  
  121  18:29  Protoss Shields Level 2  
  103  18:56  Zealot x2  
  103  18:57  Zealot  
  101  19:15  Probe (Chrono Boost)  
  102  19:30  Pylon  
  102  19:31  Pylon  
  102  19:35  Photon Cannon  
  102  19:36  Photon Cannon  
  102  19:39  Photon Cannon  
  102  19:42  Photon Cannon  
  102  19:43  Photon Cannon  
  102  19:46  Photon Cannon  
  102  20:06  Zealot  
  102  20:07  Zealot x2  
  102  20:08  Zealot  
  102  20:09  Dragoon  
  112  20:14  Immortal  
  114  20:27  Zealot  
  110  20:40  Gateway  
  110  20:45  Gateway  
  110  21:08  Protoss Ground Armor Level 2  
  110  21:22  Protoss Shields Level 3  
  110  21:33  Zealot  
  110  21:35  Dragoon x2  
  110  21:37  Zealot  
  110  21:38  Zealot  
  116  22:12  Zealot x4  
  124  22:32  Stargate  
  124  22:37  Photon Cannon  
  120  22:40  Photon Cannon  
  120  22:43  Photon Cannon  
  110  23:01  Zealot x2  
  110  23:02  Zealot x3  
  110  23:03  Zealot  
  114  23:31  Zealot x3  
  114  23:32  Zealot x2  
  116  24:20  Zealot  
  116  24:21  Zealot x4  
  116  24:22  Zealot x3  
  116  24:28  Immortal x2  
  140  24:31  Reaver  
  144  25:06  Zealot x3  
  150  25:16  Pylon  
  150  25:19  Pylon  
  148  25:22  Pylon x2  
  148  25:28  Pylon x2  
  126  25:53  Observer  
  123  26:09  Robotics Facility  
  123  26:15  Zealot x2  
  123  26:16  Zealot x3  
  123  26:17  Zealot x4  
  123  26:18  Zealot  
  123  26:19  Zealot  
  143  26:24  Phoenix  
Show
View Real Time Build Order
Export as new Build Order

NamroodTuo Terran 

Build Orders:  

Get SALT Encoding   

  12  0:03  SCV  
  13  0:20  SCV  
  14  0:36  Refinery  
  5  0:40  SCV  
  14  0:47  Refinery  
  15  0:56  SCV  
  16  1:08  Engineering Bay  
  16  1:13  SCV  
  17  1:30  SCV  
  18  1:47  SCV  
  18  1:48  Gunslingers Hideout  
  19  2:04  SCV  
  19  2:05  Outlaw Weapons Level 1  
  20  2:21  Engineering Bay  
  20  2:28  SCV  
  21  2:45  SCV  
  22  3:01  Tychus  
  22  3:12  SCV  
  23  3:27  Auto-Turret  
  23  3:30  SCV  
  23  3:34  Outlaw Life and Armor Level 1  
  24  3:58  Auto-Turret  
  24  4:05  ITC-E Triggers  
  24  4:28  SCV  
  25  4:40  James Sirius Sykes  
  35  5:37  Outlaw Weapons Level 2  
  35  5:39  Outlaw Life and Armor Level 2  
  35  5:55  SCV  
  36  6:05  Auto-Turret  
  36  6:12  SCV  
  37  6:29  SCV  
  38  7:10  SCV  
  39  7:25  Kel-Morian Ripper Rounds  
  39  7:57  Flashforce GDM Visor  
  39  7:59  Endurance Supplements  
  39  8:44  Crooked Sam  
  49  8:55  Medivac Platform  
  49  9:10  Fixers Safehouse  
  49  9:56  SCV  
  50  10:08  Outlaw Weapons Level 3  
  50  10:13  SCV  
  51  10:20  Outlaw Life and Armor Level 3  
  51  10:30  SCV  
  52  10:47  SCV  
  53  10:55  Command Center  
  53  11:01  Auto-Turret  
  53  11:04  Auto-Turret, SCV  
  54  11:50  Auto-Turret  
  54  12:07  SA-55 Thunderbolt Missiles  
  54  12:44  Refinery  
  54  12:46  SCV  
  55  13:03  SCV  
  56  13:14  Moebius M34 Terror Rounds  
  56  13:20  SCV  
  57  13:36  Auto-Turret  
  57  13:37  SCV  
  58  13:54  SCV  
  59  14:10  Auto-Turret  
  59  14:37  Vega  
  59  14:38  Auto-Turret  
  69  15:08  Auto-Turret  
  69  15:35  Auto-Turret  
  69  17:14  D99 Detonator  
  69  17:15  Procyon Shade Suit  
  69  17:36  Moebius Psionic Motivator  
  69  17:37  Neural Disruption Device  
  69  17:39  Psi Projector  
  69  19:57  SCV  
  70  20:13  Vanadium Shell  
  70  20:14  SCV, Moebius Restraint Matrix, KD9a Implosion Core  
  70  20:15  LarsCorp G7 Charges  
  71  20:31  SCV  
  72  20:48  SCV  
  73  21:05  SCV  
  74  21:48  Muscle Armory  
  74  23:12  Lt Layna Nikara  
Tags
 
Commander
ArtanisTychus
Matchup
Co-op
Replay Pack
Multiplayer
Add a new tag
Caveats
  • Supply blocks, unpowered buildings, or Contaminate may cause inaccurate times.
  • Supply counts are checked every 10 seconds.